 Dungeon Crawl Stone Soup version 0.16-a0-3834-g51c8674 (console) character file.

124 MarvinPA the Ruffian (level 4, -5/35 HPs)
             Began as a Draconian Transmuter on Jan 29, 2015.
             Hit by a tomahawk thrown by an orc (7 damage)
             ... on level 3 of the Dungeon.
             The game lasted 00:06:41 (2589 turns).

MarvinPA the Ruffian (Draconian Transmuter)         Turns: 2589, Time: 00:06:41

Health: -5/35      AC:  8    Str: 12    XL:     4   Next: 81%
Magic:  5/7        EV: 12    Int: 15    God:
Gold:   93         SH:  0    Dex: 11    Spells: 3 memorised, 1 level left

rFire  . . .     SeeInvis .       - Unarmed
rCold  . . .     Clarity  .     (armour unavailable)
rNeg   . . .     SustAb   .     (no shield)
rPois  .         Gourm    .     (helmet restricted)
rElec  .         Spirit   .     (no cloak)
rCorr  .         Warding  .     k - +0 pair of gloves
rMut   .         Stasis   .     l - +1 pair of boots
MR     .....                    (no amulet)
Stlth  +.........               (no ring)
                                (no ring)

@: very slightly contaminated, not resistant to hostile enchantments, very
unstealthy
A: unfitting armour, cold-blooded, AC +5
a: no special abilities


You were on level 3 of the Dungeon.
You were not hungry.

You visited 1 branch of the dungeon, and saw 3 of its levels.

You collected 93 gold pieces.


Innate Abilities, Weirdness & Mutations

Your plain brown scales are hard (AC +5).
Your body does not fit into most forms of armour.
Your cold-blooded metabolism reacts poorly to cold.


   Skills:
 - Level 1.1 Fighting
 - Level 1.7 Dodging
 + Level 5.6 Unarmed Combat
 - Level 2.0 Spellcasting
 - Level 2.0 Transmutations


You had one spell level left.
You knew the following spells:

 Your Spells              Type           Power        Failure   Level  Hunger
x - Spider Form           Trmt/Pois      #.........   43%         3    ###....
z - Beastly Appendage     Trmt           #.....       12%         1    #......
Z - Sticks to Snakes      Trmt           #.........   14%         2    ###....

Inventory:

Missiles
 b - 5 arrows
 j - 155 stones (quivered)
Armour
 k - a +0 pair of gloves (worn)
 l - a +1 pair of boots (worn)
Scrolls
 c - 3 scrolls of amnesia {unknown}
 g - 2 scrolls of fog
 m - a scroll of identify {unknown}
 p - a scroll of blinking {unknown}
Potions
 e - 2 potions of lignification {unknown}
 h - a potion of restore abilities {unknown}
 i - a potion of might {unknown}
 o - a potion of haste {unknown}
 q - a potion of brilliance {unknown}
 s - a potion of curing {unknown}
 t - 2 potions of cancellation {unknown}
Books
 d - a book of Changes
Comestibles
 a - 3 bread rations
 f - a slice of pizza
 u - 2 fruits

Dungeon Overview and Level Annotations

Branches:
Dungeon (3/15)

Altars:

.................
..................#
#..:....##(.......##
##......###.........
...#...#.........##
#.##((........## # #
##...K.######### ##
.....##>o##........#
##. #...d.oK######.#
.... #.#####.# #. #
## ...£ ##.#. ###
....... ........
......###..# ###
###........####.
.######..(...
###......#..#
#.........#


You could see 2 orcs and a kobold.


Message History

The orc misses you. x2
The orc throws a tomahawk.
The tomahawk closely misses you.
Unknown command.
The orc priest misses you. The kobold closely misses you.
Your transformation is almost over.
Found 9 gold pieces.
You hit the orc.
The orc is moderately wounded.
You kill the orc priest!
The orc closely misses you.
You bite the orc!
You kill the orc!
You hit the orc.
The orc is poisoned.
The orc is moderately wounded.
The orc hits you with a whip.
* * * LOW HITPOINT WARNING * * *
You closely miss the orc.
The orc is moderately wounded.
The orc completely misses you.
You barely miss the orc.
The orc is moderately wounded.
The orc misses you. The orc closely misses you.
You hit the orc but do no damage. The orc closely misses you.
The orc closely misses you.
Your transformation has ended.
The orc hits you with a short sword.
* * * LOW HITPOINT WARNING * * *
The orc throws a tomahawk.
The tomahawk hits you!
You die...

Action                   |  1- 3 |  4- 6 || total
-------------------------+-------+-------++-------
Melee: Unarmed           |    99 |    32 ||   131
Throw: Stone             |    91 |    23 ||   114
 Cast: Beastly Appendage |     2 |       ||     2
       Sticks to Snakes  |     5 |     2 ||     7
       Spider Form       |       |     3 ||     3
  Use: Potion            |     1 |     1 ||     2
       Scroll            |       |     1 ||     1
  Eat: Chunk             |     4 |     2 ||     6

Vault maps used:
D:1:      dpeg_arrival_simpleton_b
D:3:      lemuel_coloured_pillars_altar, first_bread, baited_tele_trap

Notes
Turn   | Place    | Note
--------------------------------------------------------------
     0 | D:1      | MarvinPA, the Draconian Transmuter, began the quest for the Orb.
     0 | D:1      | Reached XP level 1. HP: 16/16 MP: 3/3
   141 | D:1      | Reached XP level 2. HP: 20/23 MP: 4/4
   560 | D:2      | Reached skill level 4 in Unarmed Combat
   663 | D:2      | Learned a level 2 spell: Sticks to Snakes
   769 | D:2      | Reached XP level 3. HP: 8/28 MP: 6/6
  2018 | D:2      | Reached XP level 4. HP: 31/35 MP: 7/7
  2024 | D:2      | Learned a level 3 spell: Spider Form
  2091 | D:2      | Reached skill level 5 in Unarmed Combat
  2589 | D:3      | HP: 2/35 [orc/short sword (5)]
  2589 | D:3      | Hit by a tomahawk thrown by an orc

Vanquished Creatures
  An orc priest (D:3)
  3 adders (D:2)
  3 worms
  An ooze (D:2)
  An orc (D:3)
  8 hobgoblins
  6 kobolds
  A ball python (D:2)
  3 bats (D:1)
  A giant newt (D:2)
  4 goblins
  6 rats
38 creatures vanquished.

Vanquished Creatures (collateral kills)
  2 adders
  A giant cockroach (D:3)
3 creatures vanquished.

Grand Total: 41 creatures vanquished
